 Dungeon Sprint DCSS version 0.31-a0-675-g238779eb0a (webtiles) character file.

Game seed: 13072113094237335176

5596 sircluck the Grappler (level 10, -11/118 HPs)
             Began as a Troll Berserker on Sept 5, 2023.
             Was a High Priest of Trog.
             Mangled by a wyvern (14 damage)
             ... in the Dungeon (Sprint II: "The Violet Keep of Menkaure").
             The game lasted 00:01:59 (294 turns).

sircluck the Grappler (Troll Berserker)              Turns: 294, Time: 00:01:59

Health: -11/118    AC:  4    Str: 31    XL:     10   Next: 45%
Magic:  9/9        EV: 13    Int:  3    God:    Trog [*****.]
Gold:   77         SH:  0    Dex:  9    Spells: 9/9 levels left

rFire   . .          .
                       - Unarmed
rCold   . . .        (no shield)
rNeg    . . .        a - +0 animal skin
rPois   .            (helmet restricted)
rElec   .            (no cloak)
rCorr   .            (gloves unavailable)
SInv    .            (boots unavailable)
Will    .....        (no amulet)
Stlth   +            (no ring)
HPRegen 1.19/turn    (no ring)
MPRegen 0.11/turn

%: no teleportation
@: on berserk cooldown, slowed, very slow
A: large, unfitting armour, claws 3, regeneration 1, shaggy fur 1, tough skin 1
a: Renounce Religion, Berserk, Trog's Hand, Brothers in Arms


You were in the Dungeon.
You worshipped Trog.
Trog was extremely pleased with you.
You visited 1 branch You collected 972 gold pieces.
You spent 895 gold pieces at shops.

Inventory:

Armour
 a - a +0 animal skin (worn)
Jewellery
 h - a ring of flight
 i - the ring "Becs" {Will+ AC+4 Str+5}
   (You bought it in a shop in the Dungeon)

   [ring of protection]

   AC+4:      It affects your AC (+4).
   Str+5:     It affects your strength (+5).
   Will+:     It increases your willpower.
Scrolls
 g - a scroll of blinking
Potions
 b - a potion of curing
 c - a potion of heal wounds
 d - a potion of haste
 e - 2 potions of magic
 f - a potion of berserk rage


   Skills:
 + Level 12.7 Fighting
 + Level 12.5 Dodging
 + Level 14.7 Unarmed Combat


You had 9 spell levels left.
You didn't know any spells.
Your spell library was empty.

Dungeon Overview and Level Annotations

Branches:
Dungeon (1/1)

Altars:
Gozag
Makhleb
Nemelex Xobeh
Okawaru
Trog
Uskayaw
Vehumet
Xom
Yredelemnul
Zin
The Shining One

Shops:
D :=!=*((?=(:=[![

Annotations:
D exclusions: obsidian statue and oklob plant


Innate Abilities, Weirdness & Mutations

You are too large for most types of armour.
You have claws for hands.
Your natural rate of healing is unusually fast.
You are covered in fur. (AC +1)
You have tough skin. (AC +1)


Message History

You eviscerate the yaktaur captain!!!
The yaktaur captain is almost dead.
The yaktaur captain hits you!!
You mangle the yaktaur captain!!
You kill the yaktaur captain!
Trog accepts your kill.
Your troll is no longer berserk.
The centaur warrior shoots an arrow.
The arrow hits you!
* * * LOW HITPOINT WARNING * * *
You hear an angry hiss.
The centaur warrior unwields a +0 orcbow.
The centaur warrior closely misses you.
The centaur warrior kicks you but does no damage.
The wyvern bites you.
* * * LOW HITPOINT WARNING * * *
The wyvern barely misses you. The centaur warrior hits you!
* * * LOW HITPOINT WARNING * * *
The centaur warrior barely misses you.
Things that are here:
a +0 arbalest; 81 gold pieces You mangle the centaur warrior!!
The centaur warrior is heavily wounded.
You hear an angry hiss.
The centaur warrior completely misses you.
The centaur warrior barely misses you. The wyvern closely misses you.
The wyvern barely misses you. The centaur warrior hits you.
* * * LOW HITPOINT WARNING * * *
The centaur warrior kicks you.
* * * LOW HITPOINT WARNING * * *
You eviscerate the centaur warrior!!!
You kill the centaur warrior!
Trog accepts your kill. The wyvern barely misses you.
You swap places.
Your troll disappears in a puff of smoke!
The wyvern attacks as it pursues you! The wyvern bites you!
* * * LOW HITPOINT WARNING * * *
A wyvern comes into view.
The wyvern bites you!
You die...

####+#### ##≈≈≈≈≈≈°##
≈≈≈≈≈≈≈§§## #### ≈≈≈°≈§≈§≈
#...#### ≈○≈○§§≈ #..ll@~##§
SS≈≈
############)~#+++#+++##
###########~~~...÷.....#
##.....∩.∩#~~~~.##'##..#
##....∩.∩.#~~~~##...##.####
##...∩.∩..#~~~~#..#..# ...#
##..∩.∩...#~~####.#.####..##
##.⌠.∩....#~##.###†###†##..#
##..∩.∩...#~#...##.##.###..#


You could see 2 wyverns.

Vanquished Creatures
  A yaktaur captain (D)
  A centaur warrior (D)
  2 boulder beetles (D)
  A skeletal warrior (D)
  A merfolk siren (D)
  A blink frog (D)
  A wyvern (D)
  Menkaure (D)
  2 water moccasins (D)
  4 necrophages (D)
  3 worms (D)
18 creatures vanquished.

Vanquished Creatures (collateral kills)
  Kirke (D)
  An elephant (D)
  A kobold demonologist (D)
3 creatures vanquished.

Grand Total: 21 creatures vanquished

Notes
Turn   | Place    | Note
-------+----------+-------------------------------------------
     0 | D        | sircluck the Troll Berserker began the quest for the Orb.
     0 | D        | Reached XP level 1. HP: 22/22 MP: 0/0
     1 | D        | Noticed a necrophage
     1 | D        | Noticed a necrophage
     1 | D        | Noticed a necrophage
     1 | D        | Noticed a necrophage
    18 | D        | Killed a necrophage
    19 | D        | Reached skill level 5 in Unarmed Combat
    19 | D        | Reached XP level 2. HP: 29/33 MP: 1/1
    19 | D        | Reached XP level 3. HP: 36/40 MP: 2/2
    20 | D        | Killed a necrophage
    21 | D        | Reached skill level 5 in Fighting
    21 | D        | Reached skill level 5 in Dodging
    21 | D        | Reached skill level 6 in Unarmed Combat
    21 | D        | Reached XP level 4. HP: 41/50 MP: 3/3
    23 | D        | Killed a necrophage
    23 | D        | Reached ** piety under Trog
    24 | D        | Reached skill level 7 in Unarmed Combat
    24 | D        | Reached XP level 5. HP: 49/59 MP: 4/4
    37 | D        | Noticed a water moccasin
    46 | D        | Killed a water moccasin
    47 | D        | Reached skill level 8 in Unarmed Combat
    47 | D        | Reached XP level 6. HP: 32/71 MP: 5/5
    48 | D        | Found Isozam's Antique Armour Shoppe.
    49 | D        | Found Zoes's Antique Armour Shoppe.
    50 | D        | Found Ninoygav's Antique Weapon Emporium.
    50 | D        | Found Gokluc's Book Shoppe.
    50 | D        | Found Gohics's Jewellery Shoppe.
    51 | D        | Found Cufeqi's Antique Weapon Emporium.
    51 | D        | Found Pootiworch's Magic Scroll Shoppe.
    51 | D        | Found Geachaisk's Jewellery Emporium.
    52 | D        | Found Kiycvuyst's Jewellery Emporium.
    52 | D        | Found Gommopli's General Store.
    52 | D        | Found Wakuzihi's Antique Weapon Emporium.
    53 | D        | Found Doeppa Xant's Distillery.
    55 | D        | Found Elonyezo's Jewellery Emporium.
    55 | D        | Found Zulick's Distillery.
    56 | D        | Noticed a water moccasin
    59 | D        | Noticed a water moccasin
    73 | D        | Noticed an obsidian statue
    78 | D        | Noticed a water moccasin
    79 | D        | Noticed Menkaure
    82 | D        | Killed a water moccasin
    82 | D        | Reached *** piety under Trog
    85 | D        | Found a glowing silver altar of Zin.
    85 | D        | Found a radiant altar of Vehumet.
    85 | D        | Found an iron altar of Okawaru.
    86 | D        | Found a basalt altar of Yredelemnul.
    86 | D        | Found a glowing golden altar of the Shining One.
    86 | D        | Found a hide-covered altar of Uskayaw.
    86 | D        | Found a sparkling altar of Nemelex Xobeh.
    87 | D        | Found a shimmering altar of Xom.
    87 | D        | Found a bloodstained altar of Trog.
    87 | D        | Found a burning altar of Makhleb.
    87 | D        | Found an opulent altar of Gozag.
    88 | D        | Killed Menkaure
   119 | D        | Reached **** piety under Trog
   123 | D        | Noticed a boulder beetle
   123 | D        | Noticed a boulder beetle
   127 | D        | Noticed a merfolk siren
   140 | D        | Killed a merfolk siren
   141 | D        | Reached skill level 10 in Unarmed Combat
   141 | D        | Reached XP level 7. HP: 81/81 MP: 6/6
   165 | D        | Killed a boulder beetle
   166 | D        | Reached skill level 11 in Unarmed Combat
   166 | D        | Reached XP level 8. HP: 70/92 MP: 7/7
   172 | D        | Killed a boulder beetle
   172 | D        | Reached ***** piety under Trog
   173 | D        | Reached skill level 10 in Fighting
   173 | D        | Reached skill level 10 in Dodging
   173 | D        | Reached skill level 12 in Unarmed Combat
   188 | D        | Noticed a blink frog
   192 | D        | Killed a blink frog
   193 | D        | Reached XP level 9. HP: 51/102 MP: 8/8
   203 | D        | Noticed an oklob plant
   230 | D        | Found Nazxi's Book Shoppe.
   233 | D        | Bought a ring of flight for 245 gold pieces
   234 | D        | Noticed a manticore
   246 | D        | Bought the ring "Becs" {Will+ AC+4 Str+5} for 650 gold
                  | pieces
   257 | D        | Noticed a centaur warrior
   257 | D        | Noticed Kirke
   257 | D        | Noticed a kobold demonologist
   260 | D        | Noticed a skeletal warrior
   262 | D        | Noticed an elephant
   265 | D        | Killed a kobold demonologist
   265 | D        | Noticed a yaktaur captain
   270 | D        | Killed a skeletal warrior
   271 | D        | Reached skill level 13 in Unarmed Combat
   271 | D        | Noticed a manticore
   273 | D        | Noticed a manticore
   278 | D        | Killed Kirke
   279 | D        | Reached XP level 10. HP: 115/115 MP: 9/9
   280 | D        | Killed an elephant
   281 | D        | Reached skill level 14 in Unarmed Combat
   290 | D        | Killed a yaktaur captain
   293 | D        | Killed a centaur warrior
   294 | D        | HP: 3/118 [wyvern (13)]
   294 | D        | Mangled by a wyvern

Illustrated notes

Levels and vault maps discovered:
D:        the_violet_keep_of_menkaure [sprint2_stairs_cluster_1,
          sprint2_shoproom, sprint2_temple, sprint2_basic_supplies,
          sprint2_obstacle_3, sprint2_obstacle_4, sprint2_obstacle_5,
          sprint2_obstacle_7, sprint2_obstacle_1, sprint2_timed_cluster_1,
          sprint2_smallroom_cluster_1, sprint2_smallroom_final_cluster_1,
          sprint2_transparent_cluster_1, sprint2_second_timed_cluster_1,
          sprint2_sniper_area_1, sprint2_heavy_combat_area_1,
          sprint2_mutation_trap_area_1, sprint2_forest_area_1,
          sprint2_light_combat_area_1, sprint2_behind_water_1,
          sprint2_near_end_vault_1]

Skill      XL: |  1  2  3  4  5  6  7  8  9 10 |
---------------+-------------------------------+-----
Fighting       | 4 5 7 8 9 10 11 12 | 12.7
Dodging        | 4 5 6 8 9 10 11 12 | 12.5
Unarmed Combat | 5 6 7 8 10 11 12 13 14 | 14.7

Action                     |  1- 3 |  4- 6 |  7- 9 | 10-12 || total
---------------------------+-------+-------+-------+-------++-------
  Melee: Unarmed           |    17 |    44 |    33 |    11 ||   105
         Punch             |     1 |       |     1 |       ||     2
 Invoke: Berserk           |       |       |     2 |       ||     2
         Brothers in Arms  |       |       |     1 |       ||     1
 Armour: Animal skin       |    13 |    16 |    13 |    15 ||    57
  Dodge: Dodged            |    12 |    11 |     8 |    11 ||    42

Table legend: (Time is in decaauts)
 A = Elapsed time spent in this place.
 B = Non-inter-level travel time spent in this place.
 C = Inter-level travel time spent in this place.
 D = Time resting spent in this place.
 E = Time spent auto-exploring this place.
 F = Levels seen in this place.
 G = Mean time per level.
                   A        B        C        D        E       F      G
               +--------+--------+--------+--------+--------+-----+--------+
         Total |    288 |    285 |      3 |      0 |     52 |   1 |  288.0 |
       Dungeon |    288 |    285 |      3 |      0 |     52 |   1 |  288.0 |
               +--------+--------+--------+--------+--------+-----+--------+

Top non-repeatable levels by time:
       D: 288 daAuts
